 Dungeon Crawl Stone Soup version 0.30-a0-368-g86fb4627a9 (webtiles) character file.

Game seed: 3654870190000650203

78 holysushi the Cutter (level 4, -4/18 (23) HPs)
             Began as a Vine Stalker Monk on Nov 19, 2022.
             Was a Believer of Ru.
             Slain by a wight
             ... wielding a +5 mace
              (10 damage)
             ... on level 3 of the Dungeon.
             The game lasted 00:03:32 (2539 turns).

holysushi the Cutter (Vine Stalker Monk)            Turns: 2539, Time: 00:03:32

HP:   -4/18 (23)    AC:  3    Str: 13    XL:     4   Next: 36%
MP:   0/5           EV: 13    Int: 10    God:    Ru [**....]
Gold: 201           SH:  0    Dex: 19    Spells: 3/3 levels left

rFire   . . .      SeeInvis .    a - +0 short sword
rCold   . . .      Faith    .    (no shield)
rNeg    . . .      Spirit   +    b - +0 robe
rPois   .          Reflect  .    g - +0 helmet
rElec   .          Harm     .    (no cloak)
rCorr   .          Rampage  .    (no gloves)
Will    .....                    (no boots)
Stlth   ++........               (no amulet)
HPRegen 1.03/turn                (no ring)
MPRegen 0.09/turn                (no ring)

@: weak-willed, heavily drained
A: fangs 2, regeneration 1, magic shield, antimagic bite, no potion heal 2,
hated by all
a: Renounce Religion


You were on level 3 of the Dungeon.
You worshipped Ru.
Ru was pleased with you.
You visited 1 branch of the dungeon, and saw 4 of its levels.

You collected 201 gold pieces.

Inventory:

Hand Weapons
 a - a +0 short sword (weapon)
 k - a +0 dagger of holy wrath
Armour
 b - a +0 robe (worn)
 g - a +0 helmet (worn)
Wands
 t - a wand of charming (7)
Scrolls
 e - a scroll of vulnerability
 i - a scroll of fear
 j - a scroll of immolation
 r - a scroll of poison
Potions
 c - a potion of haste {unknown}
 d - 2 potions of mutation {unknown}
 h - a potion of lignification {unknown}
 l - 2 potions of curing {unknown}
 m - a potion of flight {unknown}
 n - a potion of berserk rage {unknown}
 o - a potion of ambrosia
 p - a potion of cancellation {unknown}
 q - a potion of degeneration {unknown}
 u - a potion of resistance {unknown}


   Skills:
 - Level 2.6 Fighting
 + Level 4.3 Short Blades
 + Level 2.7 Dodging
 - Level 2.4 Stealth


You had 3 spell levels left.
You didn't know any spells.
Your spell library contained the following spells:

 Spells                   Type           Power      Damage    Failure   Level
 Apportation              Tloc           0%         N/A       36%         1
 Blink                    Tloc           0%         N/A       50%         2
 Momentum Strike          Conj/Tloc      0%         3d8       50%         2
 Scorch                   Fire           0%         2d5       50%         2
 Static Discharge         Conj/Air       0%         2-2/arc   50%         2
 Lesser Beckoning         Tloc           0%         N/A       75%         3
 Ozocubu's Armour         Ice            0%         N/A       75%         3
 Vhi's Electric Charge    Tloc/Air       0%         N/A       75%         3
 Flame Wave               Conj/Fire      0%         2d4       98%         4
 Alistair's Intoxication  Tmut/Pois      0%         N/A       100%        5
 Arcjolt                  Conj/Air       0%         1d10      100%        5
 Lightning Bolt           Conj/Air       0%         1d11      100%        5
 Ozocubu's Refrigeration  Ice            0%         4d7       100%        7
 Summon Cactus Giant      Summ           Unusable   N/A       N/A         6

Dungeon Overview and Level Annotations

Branches:
Dungeon (4/15) Zot: 21492
 Temple: D:4-7

Altars:
Ru
Xom

Annotations:
D:4 Eustachio, Pikel


Innate Abilities, Weirdness & Mutations

You have extremely sharp teeth.
Your natural rate of healing is unusually fast.
When hurt, damage is shared between your health and your magic reserves.
Your bite disrupts and absorbs the magic of your enemies.
Potions cannot restore your health.
You are hated by all.


Message History

Eustachio casts a spell.
Eustachio mumbles some strange words.
There is a stone staircase leading up here.
The quokka disappears in a puff of smoke!
The bat hits you but does no damage. The wight hits you with a +5 mace.
Eustachio gestures wildly while chanting.
Eustachio blinks!
The bat closely misses you.
You climb upwards.
There is a stone staircase leading down here.
Press: ? - help, v - describe, . - travel
Here: a wight, wielding a +5 mace and wearing a +0 robe The floor.
You aren't carrying any items that you can evoke.
As you read the scroll labelled LETUOT WIRO, it crumbles to dust.
Magic quickly surges around you.
It was a scroll of vulnerability.
The wight hits you with a +5 mace.
You feel drained.
As you read the scroll labelled HIRYSH OT BOICEOPE, it crumbles to dust.
You assume a fearsome visage.
The wight is unaffected.
It was a scroll of fear.
The wight hits you with a +5 mace.
You feel drained.
As you read the scroll labelled HIUBRE IXAUNUF, it crumbles to dust.
The creatures around you are filled with an inner flame!
It was a scroll of immolation.
The wight hits you with a +5 mace!
Ouch! That really hurt!
* * * LOW HITPOINT WARNING * * *
You feel drained.
* * * LOW HITPOINT WARNING * * *
Okay, then.
You can't see any enemies this would affect, really read the scroll of fear?
Okay, then.
As you read the scroll labelled AMETZE TYAPPU, it crumbles to dust.
It is a scroll of identify.
r - a scroll of poison The wight closely misses you.
As you read the scroll labelled MIZXODWO INO, it crumbles to dust.
You hear a loud clanging noise!
It was a scroll of noise.
The wight closely misses you. The wight attacks as you move away!
The wight hits you with a +5 mace!
Ouch! That really hurt!
You die...

#(#.## ##..........######.# #.
#.#..###.#.#######.# #.# #.
#.#.#.#.##.# #.# #.# #.
#†#.##.#...#######.######.######.
#.#.##.#.###.....................
#.#.##.#.# #.#####.######.######.
..#.##.#.###.#####.# #.# #.
.....#.#.##..>.z.#.######.######.
...#........#..#@.<..............
...................######.######.
....#.##.########### #.# #.
...##.##.############# #.# #.
#.###.##.............## #># #.
#.# #.###########.###.###.# #.
#.# #<# #.# #.....# ## #.# #.#
#.###.##### ..# #.##
##...############


You could see a wight (inner flame, weak-willed).

Vanquished Creatures
  A lemure (D:3)
  2 adders (D:3)
  A worm (D:3)
  A dart slug (D:1)
  3 endoplasms
  A giant cockroach (D:3)
  6 goblins
  6 hobgoblins
  7 jackals
  2 quokkas
  6 ball pythons
  8 bats
  A frilled lizard (D:2)
  3 kobolds
  6 rats
54 creatures vanquished.

Notes
Turn   | Place    | Note
-------+----------+-------------------------------------------
     0 | D:1      | holysushi the Vine Stalker Monk began the quest for the
                  | Orb.
     0 | D:1      | Reached XP level 1. HP: 11/11 MP: 2/2
    80 | D:1      | Reached skill level 3 in Short Blades
   137 | D:1      | Reached XP level 2. HP: 4/16 MP: 0/3
   702 | D:1      | Reached XP level 3. HP: 19/19 MP: 4/4
  1329 | D:2      | Reached skill level 4 in Short Blades
  1759 | D:3      | Gained mutation: Your natural rate of healing is unusually
                  | fast. [Vine Stalker growth]
  1759 | D:3      | Reached XP level 4. HP: 23/23 MP: 5/5
  2202 | D:3      | Found a shimmering altar of Xom.
  2202 | D:3      | Found a sacrificial altar of Ru.
  2274 | D:3      | Became a worshipper of Ru the Awakened
  2281 | D:3      | Gained mutation: You are hated by all. [Ru sacrifice]
  2281 | D:3      | Reached * piety under Ru
  2281 | D:3      | Reached ** piety under Ru
  2371 | D:4      | Noticed a lemure
  2373 | D:4      | Noticed a lemure
  2373 | D:4      | Noticed a lemure
  2374 | D:4      | Noticed Pikel
  2375 | D:4      | Noticed a lemure
  2497 | D:3      | Killed a lemure
  2521 | D:4      | Noticed Eustachio
  2523 | D:4      | Noticed a scorpion
  2539 | D:3      | Slain by a wight

Illustrated notes

Levels and vault maps discovered:
D:1:      minmay_arrival_shattered_statue, layout_loops_cross,
          hangedman_decor_riveting
D:2:      layout_basic, chequers_serial_rivers_room_b, kennysheep_generic_room_7
D:3:      layout_loops_ring, gammafunk_temple_overflow_statue
D:4:      layout_gridville, dreamdust_divine_triumvirate,
          nicolae_hepliaklqana_monster_ancestors, serial_shops,
          nicolae_take_the_stairs, uniq_eustachio, uniq_pikel, uniq_grinder,
          uniq_natasha

Skill      XL: |  1  2  3 |
---------------+----------+-----
Short Blades   | 3 4 |  4.3
Fighting       | |  2.6
Dodging        | |  2.7
Stealth        | |  2.4

Action                   |  1- 3 |  4- 6 || total
-------------------------+-------+-------++-------
Melee: Short sword       |   122 |    53 ||   175
       Bite              |    30 |    14 ||    44
       Punch             |     1 |       ||     1
Invok: Sacrifice Love    |       |     1 ||     1
  Use: Potion            |     1 |       ||     1
       Scroll            |       |     5 ||     5
 Stab: Sleeping          |     9 |     2 ||    11
Armor: Robe              |    18 |     9 ||    27
Dodge: Dodged            |    78 |    35 ||   113

Table legend: (Time is in decaauts)
 A = Elapsed time spent in this place.
 B = Non-inter-level travel time spent in this place.
 C = Inter-level travel time spent in this place.
 D = Time resting spent in this place.
 E = Time spent auto-exploring this place.
 F = Levels seen in this place.
 G = Mean time per level.
                   A        B        C        D        E       F      G
               +--------+--------+--------+--------+--------+-----+--------+
         Total |   2507 |   2353 |    154 |     10 |   1744 |   4 |  626.8 |
       Dungeon |   2507 |   2353 |    154 |     10 |   1744 |   4 |  626.8 |
               +--------+--------+--------+--------+--------+-----+--------+

Top non-repeatable levels by time:
     D:1: 865 daAuts
     D:2: 803 daAuts
     D:3: 751 daAuts
     D:4: 86 daAuts
